 Dungeon Crawl Stone Soup version 0.23.2-40-g277498a (webtiles) character file.

Game seed: 15938875121125202629

5036 Balder the Basher (level 10, -5/84 HPs)
             Began as a Minotaur Fighter on Oct 17, 2019.
             Was an Elder of Okawaru.
             Slain by an apocalypse crab (10 damage)
             ... on level 1 of the Abyss on Oct 22, 2019.
             The game lasted 00:47:56 (9590 turns).

Balder the Basher (Minotaur Fighter)                Turns: 9590, Time: 00:47:57

Health: -5/84      AC: 14    Str: 25    XL:     10   Next: 30%
Magic:  0/11       EV:  9    Int:  5    God:    Okawaru [****..]
Gold:   295        SH: 13    Dex: 13    Spells: 9/9 levels left

rFire    . . .     SeeInvis .   a - +0 morningstar (drain)
rCold    . . .     Gourm    .   c - +1 shield
rNeg     . . .     Faith    .   h - +2 chain mail {rPois}
rPois    +         Spirit   +   (helmet restricted)
rElec    .         Reflect  .   D - scarf {Spirit}
rCorr    .         Harm     .   (no gloves)
MR       .....                  z - +0 pair of boots
Stlth    ..........             (no amulet)
HPRegen  0.24/turn              y - +4 ring of strength
MPRegen  0.12/turn              (no ring)

@: about to teleport, very slightly contaminated, slowed, invisible, very slow
A: retaliatory headbutt, horns 2, poison resistance
a: Heroism, Renounce Religion


You were on level 1 of the Abyss.
You worshipped Okawaru.
Okawaru was greatly pleased with you.
You were hungry.

You visited 1 branch of the dungeon, and saw 9 of its levels.
You visited the Abyss 1 time.

You collected 597 gold pieces.
You spent 302 gold pieces at shops.

Inventory:

Hand Weapons
 a - a +0 morningstar of draining (weapon)
 d - a +0 trident
 k - a +0 flail of flaming
 s - a +0 whip of flaming
 w - a +2 short sword of holy wrath
 K - a +2 vampiric whip
 M - a +1 scimitar of flaming
Missiles
 t - 13 tomahawks (quivered)
Armour
 c - a +1 shield (worn)
 h - a +2 chain mail of poison resistance (worn)
 z - a +0 pair of boots (worn)
 D - a scarf of spirit shield (worn)
 F - a +2 plate armour
Jewellery
 y - a +4 ring of strength (left hand)
Scrolls
 b - 2 scrolls of fear {unknown}
 e - 8 scrolls of identify
 g - a scroll of brand weapon
 i - a scroll of magic mapping {unknown}
 j - a scroll of teleportation
 m - 3 scrolls of remove curse
 n - a scroll of acquirement {unknown}
 o - a scroll of blinking {unknown}
 q - a scroll of fog
 u - 2 scrolls of immolation {unknown}
 v - 2 scrolls of enchant weapon {unknown}
 A - a scroll of vulnerability {unknown}
 G - a scroll of summoning {unknown}
Potions
 l - 2 potions of curing
 p - a potion of cancellation {unknown}
 r - a potion of flight
 x - a potion of lignification {unknown}
 B - a potion of agility {unknown}
 C - 2 potions of invisibility
 E - a potion of heal wounds {unknown}
 H - a potion of mutation {unknown}
 I - a potion of magic {unknown}
 L - a potion of berserk rage {unknown}
Comestibles
 f - 10 rations


   Skills:
 * Level 6.8 Fighting
 + Level 1.2 Short Blades
 * Level 9.6 Maces & Flails
 - Level 1.4 Polearms
 * Level 4.1 Throwing
 * Level 9.0 Armour
 * Level 4.7 Dodging
 + Level 1.2 Stealth
 * Level 8.9 Shields
 * Level 2.7 Invocations


You had 9 spell levels left.
You didn't know any spells.
Your spell library was empty.

Dungeon Overview and Level Annotations

Branches:
Dungeon (9/15)             Temple (0/1) D:7
   Lair: D:8-11         Orc: D:9-12

Altars:
Cheibriados
Kikubaaqudgha
Okawaru
Sif Muna
Trog
Xom
The Shining One

Shops:
D:5 [   D:6 *[}

Annotations:
D:7 2 transporters, Romesagentochaos's ghost, novice MiFi
D:9 Erolcha


Innate Abilities, Weirdness & Mutations

You reflexively headbutt those who attack you in melee.
You have a pair of horns on your head.
Your system is resistant to poisons. (rPois)


Message History

* * * LOW HITPOINT WARNING * * *
You are engulfed in flames!
* * * LOW HITPOINT WARNING * * *
The apocalypse crab claws you.
* * * LOW HITPOINT WARNING * * *
The apocalypse crab shocks you!
* * * LOW HITPOINT WARNING * * *
You turn to flesh and can move again.
You feel better.
The yaktaur shouts!
The ironheart preserver shouts!
Something hits you but does no damage. x4
The smoke demon gestures at you.
The ball of steam hits something!
The ball of steam misses you. You block something's attack. Something hits you.
* * * LOW HITPOINT WARNING * * *
The apocalypse crab bites you but does no damage.
The apocalypse crab claws you!
* * * LOW HITPOINT WARNING * * *
The apocalypse crab freezes you!
You die...

.....# .# .#. .
.#.# .#### . ..
..... ..#... #
# ... # ###...#
#...# ###.....#
# .#..t. .#.###
# #
#...#.#..§§.###
.#..
#.#.%...#### ..
......# ##.t@#
# ..#
##..##§X#{p# .
.#####..### 3p#
## ##. #.##c.#
# ### .#.# ..##
.. #.


You could see an ironheart preserver (wandering), an apocalypse crab, a vault
sentinel, a large abomination, a yaktaur (wandering) and a smoke demon.

Vanquished Creatures
  Erica (D:9)
  A two-headed ogre (D:8)
  Maurice (D:8)
  An apocalypse crab (Abyss:1)
  A flying skull (Abyss:1)
  A neqoxec (Abyss:1)
  A water moccasin (D:8)
  Purgy (D:3)
  2 ice beasts
  4 orc warriors
  A necrophage (D:9)
  3 ogres
  2 bullfrogs
  4 scorpions
  An electric eel (D:8)
  2 howler monkeys
  2 crimson imps
  A quasit (D:6)
  4 hounds
  A bullfrog zombie (D:6)
  2 bullfrog skeletons
  A gnoll shaman (D:9)
  3 orc priests
  9 orc wizards
  An iron imp (D:9)
  An iguana (D:7)
  3 worker ants
  A killer bee zombie (D:7)
  A hound zombie (D:9)
  A hound skeleton (D:4)
  2 worker ant zombies
  19 gnolls
  16 adders
  2 shadow imps
  An ooze (D:3)
  2 adder skeletons
  4 worms
  2 dart slugs
  3 leopard geckos
  23 orcs
  3 giant cockroaches
  9 goblins
  12 hobgoblins
  7 jackals (D:3)
  9 kobolds
  5 quokkas
  A ball python (D:5)
  10 bats
  2 frilled lizards
  A quokka skeleton (D:9)
  9 rats
200 creatures vanquished.

Notes
Turn   | Place    | Note
-------+----------+-------------------------------------------
     0 | D:1      | Balder the Minotaur Fighter began the quest for the Orb.
     0 | D:1      | Reached XP level 1. HP: 19/19 MP: 0/0
   196 | D:1      | Reached XP level 2. HP: 27/27 MP: 1/1
   460 | D:1      | Reached XP level 3. HP: 23/33 MP: 2/2
  1481 | D:2      | Reached skill level 1 in Dodging
  1646 | D:2      | Reached XP level 4. HP: 40/40 MP: 3/3
  2053 | D:3      | Reached XP level 5. HP: 27/46 MP: 4/4
  2756 | D:3      | Reached skill level 5 in Armour
  2892 | D:3      | Noticed Purgy
  2921 | D:3      | Killed Purgy
  2921 | D:3      | Reached skill level 5 in Shields
  2921 | D:3      | Reached XP level 6. HP: 19/53 MP: 5/5
  3340 | D:3      | Found a deep blue altar of Sif Muna.
  3468 | D:4      | Reached skill level 5 in Maces & Flails
  3626 | D:4      | Reached XP level 7. HP: 56/60 MP: 6/6
  4509 | D:4      | Reached skill level 1 in Throwing
  4594 | D:4      | Found a shimmering altar of Xom.
  4594 | D:4      | Found an ancient bone altar of Kikubaaqudgha.
  4595 | D:4      | Found a glowing golden altar of the Shining One.
  4704 | D:5      | Entered Level 5 of the Dungeon
  4912 | D:5      | Reached skill level 5 in Fighting
  4950 | D:5      | Found an iron altar of Okawaru.
  4955 | D:5      | Became a worshipper of Warmaster Okawaru
  5234 | D:5      | Reached skill level 1 in Stealth
  5394 | D:5      | Reached XP level 8. HP: 7/68 MP: 7/7
  5892 | D:5      | Found Olusauli's Armour Boutique.
  5903 | D:5      | Bought a +2 chain mail of poison resistance for 203 gold
                  | pieces
  5903 | D:5      | Bought a scarf of spirit shield for 99 gold pieces
  6137 | D:6      | Identified the +4 scale mail of Tilu {rF+ rC+}
  6232 | D:6      | Reached * piety under Okawaru
  6306 | D:6      | Found Hakhlepp's General Store.
  6392 | D:6      | Found Saclur's Gadget Shop.
  6717 | D:6      | Found Guit's Antique Armour Emporium.
  7122 | D:7      | Reached skill level 1 in Polearms
  7131 | D:7      | Reached skill level 1 in Short Blades
  7206 | D:7      | Found a transporter.
  7206 | D:7      | Noticed a moth of wrath
  7211 | D:7      | Found a bloodstained altar of Trog.
  7212 | D:7      | Noticed Romesagentochaos's ghost (novice MiFi)
  7251 | D:7      | Found a staircase to the Ecumenical Temple.
  7764 | D:7      | Found a transporter.
  8021 | D:8      | Reached XP level 9. HP: 62/74 MP: 5/8
  8212 | D:8      | Noticed Maurice
  8219 | D:8      | Noticed a two-headed ogre
  8223 | D:8      | Paralysed by something for 3 turns
  8250 | D:8      | Killed a two-headed ogre
  8250 | D:8      | Reached ** piety under Okawaru
  8250 | D:8      | Reached skill level 1 in Invocations
  8257 | D:8      | Killed Maurice
  8257 | D:8      | Reached *** piety under Okawaru
  9111 | D:9      | Found a bloodstained altar of Trog.
  9258 | D:9      | Found a snail-covered altar of Cheibriados.
  9355 | D:9      | Noticed Erica
  9369 | D:9      | Killed Erica
  9369 | D:9      | Reached XP level 10. HP: 82/84 MP: 7/10
  9394 | D:9      | Noticed Erolcha
  9401 | D:9      | Reached **** piety under Okawaru
  9402 | D:9      | Cast into level 1 of the Abyss (Erolcha)
  9466 | Abyss:1  | Noticed an apocalypse crab
  9484 | Abyss:1  | Killed an apocalypse crab
  9484 | Abyss:1  | Gained mutation: Your system is resistant to poisons.
                  | (rPois) [a neqoxec]
  9499 | Abyss:1  | Noticed a smoke demon
  9537 | Abyss:1  | Noticed an apocalypse crab
  9577 | Abyss:1  | Noticed a worldbinder
  9582 | Abyss:1  | Noticed an ironheart preserver
  9582 | Abyss:1  | Noticed a vault sentinel
  9584 | Abyss:1  | Noticed a smoke demon
  9589 | Abyss:1  | Noticed an ironheart preserver
  9590 | Abyss:1  | Slain by an apocalypse crab

Skill      XL: |  1  2  3  4  5  6  7  8  9 10 |
---------------+-------------------------------+-----
Armour         | 4 5 6 7 8 9 |  9.0
Fighting       | 4 5 6 |  6.8
Shields        | 4 5 6 7 8 |  8.9
Maces & Flails | 3 4 5 6 7 9 |  9.6
Dodging        | 1 2 3 4 |  4.7
Throwing       | 2 3 4 |  4.1
Stealth        | 1 |  1.2
Polearms       | 1 |  1.4
Short Blades   | 1 |  1.2
Invocations    | 2 |  2.7

Action                   |  1- 3 |  4- 6 |  7- 9 | 10-12 || total
-------------------------+-------+-------+-------+-------++-------
Melee: Flail             |    67 |       |   146 |       ||   213
       Headbutt          |    13 |    26 |   104 |    11 ||   154
       Whip              |    30 |   153 |   294 |       ||   477
       Morningstar       |       |       |     9 |    28 ||    37
Throw: Tomahawk          |       |       |    10 |       ||    10
Invok: Heroism           |       |       |     4 |       ||     4
  Use: Potion            |       |     1 |     3 |     1 ||     5
       Scroll            |       |       |    16 |     1 ||    17
 Stab: Invisible         |       |       |     1 |       ||     1
  Eat: Ration            |     1 |       |     4 |       ||     5
       Chunk             |       |     5 |    10 |       ||    15
Armor: Scale mail        |    50 |    59 |    20 |       ||   129
       Chain mail        |       |       |   108 |    51 ||   159
Dodge: Dodged            |    38 |    58 |    90 |    10 ||   196
Block: Shield            |    55 |    94 |   202 |    21 ||   372
